AoeStats
← RDA Ronan

Arabia

504908453Analyzed
2v2 RM · 25d ago on Sep 7, 2026· 45m 29s· 4 players
Game mode
Random Map
Map size
Medium (4 player)
Population
200
Speed
Normal
Resources
Standard
Victory
Conquest
Starting age
Dark Age
Ending age
Imperial Age
RankedLock teamsTeams togetherTeam positionsShared explorationLock speedFull tech treeHidden civsTurbo modeCheats
Victory
Defeat
🇦🇷 Vietnamese · Argentina
1303
+13
🇦🇷 Magyars · Argentina
1229
+15
🇺🇸 Persians · United States
1232
-14
🇺🇸 Inca · United States
1217
-14
Nicholas Cave
4:00 Loom
9:50 Feudal Age
16:00 Wheelbarrow
18:48 Scale Barding Armor
22:01 Town Watch
24:30 Forging
25:13 Bloodlines
26:13 Fletching
30:27 Castle Age
29:48 Horse Collar
31:29 Chain Barding Armor
31:31 Heavy Plow
33:13 Husbandry
35:15 Iron Casting
36:00 Hand Cart
Alamander
7:16 Loom
9:24 Feudal Age
10:19 Double-Bit Axe
10:29 Champi Runner
12:11 Scale Mail Armor
12:34 Town Watch
21:05 Castle Age
20:42 Horse Collar
22:36 Chain Mail Armor
22:24 Squires
23:15 Bow Saw
25:08 Heavy Plow
39:56 Wheelbarrow
44:35 Forging
RDA Ronan
5:59 Loom
8:51 Feudal Age
10:53 Double-Bit Axe
16:15 Wheelbarrow
15:58 Scale Barding Armor
19:05 Bloodlines
23:44 Castle Age
22:23 Horse Collar
22:39 Gold Mining
24:58 Chain Barding Armor
24:00 Light Cavalry
25:32 Husbandry
26:00 Bow Saw
25:48 Fletching
27:21 Bodkin Arrow
30:45 Padded Archer Armor
31:41 Stone Mining
33:40 Town Watch
36:46 Heavy Plow
37:35 Hand Cart
39:16 Thumb Ring
39:49 Gold Shaft Mining
39:47 Ballistics
43:55 Imperial Age
42:40 Leather Archer Armor
43:58 Heavy Cavalry Archer
45:04 Parthian Tactics
44:41 Bracer
45:44 Chemistry
45:50 Recurve Bow
Gianncrack
6:31 Loom
9:15 Feudal Age
9:54 Double-Bit Axe
12:17 Fletching
15:00 Gold Mining
16:24 Padded Archer Armor
17:09 Horse Collar
20:28 Wheelbarrow
24:17 Castle Age
24:20 Crossbowman
25:06 Thumb Ring
25:11 Bodkin Arrow
25:39 Thumb Ring
29:03 Bow Saw
30:06 Leather Archer Armor
30:14 Hand Cart
32:35 Heavy Plow
37:08 Imperial Age
37:34 Arbalester
38:16 Bracer
38:47 Ring Archer Armor
39:31 Stone Mining
Connection lost

Rejoining the realm…

Still unreachable

The connection could not be restored.

Session expired

The server has moved on; the page needs a fresh start.